 Dungeon Crawl Stone Soup version 0.22-a0-603-gfc1114d (webtiles) character file.

26 digijack the Grave Robber (level 2, -3/21 HPs)
             Began as a Demonspawn Necromancer on July 7, 2018.
             Slain by Crazy Yiuf
             ... wielding a +4 quarterstaff of chaos
              (13 damage)
             ... on level 2 of the Dungeon.
             The game lasted 00:08:51 (1195 turns).

digijack the Grave Robber (Demonspawn Necromancer)  Turns: 1195, Time: 00:08:52

Health: -3/21      AC:  4    Str:  8    XL:     2   Next: 89%
Magic:  5/5        EV: 12    Int: 16    God:
Gold:   45         SH:  0    Dex: 13    Spells: 4/5 levels left

rFire    . . .     SeeInvis .   e - +2 dagger (drain)
rCold    + . .     Gourm    .   (no shield)
rNeg     . . .     Faith    .   a - +1 robe
rPois    .         Spirit   .   g - +0 helmet
rElec    .         Reflect  +   (no cloak)
rCorr    .         Harm     .   (no gloves)
MR       .....                  (no boots)
Stlth    +.........             b - +3 amulet of reflection
HPRegen  0.07/turn              (no ring)
MPRegen  0.09/turn              (no ring)

@: confused, lethally poisoned (-3 -> -15)
A: cold resistance 1
a: no special abilities


You were on level 2 of the Dungeon.
You were not hungry.

You visited 1 branch of the dungeon, and saw 2 of its levels.

You collected 45 gold pieces.

Inventory:

Hand Weapons
 e - a +2 dagger of draining (weapon)
Armour
 a - a +1 robe (worn)
 g - a +0 helmet (worn)
Jewellery
 b - a +3 amulet of reflection (around neck)
Comestibles
 c - a ration
 f - 3 chunks of flesh


   Skills:
 + Level 1.0 Fighting
 + Level 2.1 Dodging
 + Level 2.1 Stealth
 + Level 2.2 Spellcasting
 + Level 4.6 Necromancy


You had 4 spell levels left.
You knew the following spells:

 Your Spells              Type           Power        Failure   Level  Hunger
a - Pain                  Necr           ###.         3%          1    #......

Your spell library contained the following spells:

 Spells                   Type           Power        Failure   Level  Hunger
 Animate Dead             Necr           N/A          30%         4    #####..
 Animate Skeleton         Necr           N/A          3%          1    #......
 Vampiric Draining        Necr           ###.......   9%          3    ###....
 Regeneration             Chrm/Necr      #.........   24%         3    ###....


Dungeon Overview and Level Annotations

Branches:
Dungeon (2/15)

Altars:

Annotations:
D:2 Crazy Yiuf


Innate Abilities, Weirdness & Mutations

Your flesh is cold resistant. (rC+)


Message History

Confirm with . or Enter, or press ? or * to list all spells.
Aiming: Pain (safe; 3% risk of failure)
Press: ? - help, Shift-Dir - straight line, f/p - Crazy Yiuf
Aim: Crazy Yiuf, wielding a quarterstaff of chaos and wearing a cloak (lightly wounded, chance to defeat MR: 81%) Crazy Yiuf writhes in agony!
Casting: Pain (safe; 3% risk of failure)
Confirm with . or Enter, or press ? or * to list all spells.
Aiming: Pain (safe; 3% risk of failure)
Press: ? - help, Shift-Dir - straight line, f/p - Crazy Yiuf
Aim: Crazy Yiuf, wielding a quarterstaff of chaos and wearing a cloak (moderately wounded, chance to defeat MR: 81%) Crazy Yiuf writhes in agony!
Crazy Yiuf hits you with a quarterstaff of chaos!
Ouch! That really hurt!
* * * LOW HITPOINT WARNING * * *
You are lethally poisoned!
You are confused.
You feel invigorated.
You feel sick.
Crazy Yiuf hits you with a quarterstaff of chaos!
Ouch! That really hurt!
You die...

*
*,,,***#....#
*** *,,,*
***** ##..##
*,* *,*,*
********
♣....♣ *,*
*,*,*
,,,,,,,*
♣)..♣♣ *,*
*,*,*
******,*
♣♣)♣♣
*,***,*,* *,*
♣)♣♣
*,,,,,*,* *,*
♣♣)♣
*******,* *,*
♣)♣♣ *,* *,*
♣♣@♣ *,* *,*
*#g#* *,*
**** *,*****
*)))*
*******,*
,,,***,,,,,*
#)))#
*,,,,,,,*
**,,,,,,,,,*
#).)#
*********
***********
#####


You could see Crazy Yiuf.

Vanquished Creatures
  An ooze (D:1)
  A ball python (D:1)
  A bat (D:2)
  2 giant cockroaches
  4 goblins (D:1)
  3 hobgoblins (D:1)
  3 kobolds
  A frilled lizard (D:1)
  4 rats
20 creatures vanquished.

Notes
Turn   | Place    | Note
-------+----------+-------------------------------------------
     0 | D:1      | digijack the Demonspawn Necromancer began the quest for the Orb.
     0 | D:1      | Reached XP level 1. HP: 13/13 MP: 3/3
   327 | D:1      | Gained mutation: Your flesh is cold resistant. (rC+) [demonic ancestry]
   327 | D:1      | Reached XP level 2. HP: 16/20 MP: 0/5
  1146 | D:2      | Reached skill level 1 in Fighting
  1173 | D:2      | Found a runed door.
  1191 | D:2      | Noticed Crazy Yiuf
  1195 | D:2      | Slain by Crazy Yiuf

Vault maps used:
D:1:      dpeg_arrival_rhombi
D:2:      kennysheep_big_flooded_room, uniq_crazy_yiuf_cottage

Skill      XL: |  1  2 |
---------------+-------+-----
Stealth        | 2 |  2.1
Dodging        | 2 |  2.1
Fighting       | 1 |  1.0
Spellcasting   | |  2.2
Necromancy     | |  4.6

Action                   || total
-------------------------++-------
Melee: Dagger            ||     5
 Cast: Pain              ||    41
  Use: Potion            ||     2
       Scroll            ||     5
  Eat: Ration            ||     1
Armor: Robe              ||     2
Dodge: Dodged            ||     8
Block: Other             ||     1

Table legend:
 A = Spawn XP
 B = Non-spawn XP
 C = Spawn XP percentage of total XP
 D = Spawn monster count
 E = Non-spawn monster count
 F = Spawn count percentage of total count
 G = Total turns spent on level
                    A         B        C        D         E        F      G
               +---------+---------+-------+---------+---------+-------+---------
         Total |       0 |      38 |   0.0 |       0 |      20 |   0.0 |  1195
               +---------+---------+-------+---------+---------+-------+---------
           D:1 |       0 |      31 |   0.0 |       0 |      15 |   0.0 |  1019
           D:2 |       0 |       7 |   0.0 |       0 |       5 |   0.0 |   176
               +---------+---------+-------+---------+---------+-------+---------
